 Dungeon Crawl Stone Soup version 0.29.0-4-gdea44cf6ec (webtiles) character file.

Game seed: 16281611262534979959

64 qw the Chopper (level 4, -6/26 HPs)
             Began as a Tengu Warper on Aug 28, 2022.
             Killed by divine providence
             ... invoked by an orc priest
              (16 damage)
             ... on level 4 of the Dungeon.
             The game lasted 00:00:16 (2662 turns).

qw the Chopper (Tengu Warper)                       Turns: 2662, Time: 00:00:17

Health: -6/26      AC:  8    Str: 13    XL:     4   Next: 12%
Magic:  8/8        EV:  6    Int: 14    God:
Gold:   95         SH:  0    Dex: 13    Spells: 7/7 levels left

rFire   . . .      SeeInvis .   Y - +0 hand axe
rCold   . . .      Faith    .   (no shield)
rNeg    . . .      Spirit   .   c - +0 chain mail
rPois   .          Reflect  .   (helmet restricted)
rElec   .          Harm     .   (no cloak)
rCorr   .          Rampage  .   (no gloves)
Will    .....                   (boots unavailable)
Stlth   ..........              (no amulet)
HPRegen 0.08/turn               (no ring)
MPRegen 0.11/turn               (no ring)

@: no status effects
A: beak, talons 3
a: no special abilities


You were on level 4 of the Dungeon.
You visited 1 branch of the dungeon, and saw 4 of its levels.

You collected 95 gold pieces.


Innate Abilities, Weirdness & Mutations

You have a beak for a mouth.
You have claws for feet.


   Skills:
 - Level 2.0 Fighting
 + Level 4.7 Axes
 - Level 1.0 Throwing
 - Level 1.1 Armour
 - Level 2.1 Dodging
 - Level 2.0 Spellcasting
 - Level 2.4 Translocations


You had 7 spell levels left.
You didn't know any spells.
Your spell library contained the following spells:

 Spells                   Type           Power      Damage    Failure   Level
 Blink                    Tloc           16%        N/A       99%         2
 Gell's Gravitas          Tloc           8%         N/A       100%        3
 Lesser Beckoning         Tloc           8%         N/A       100%        3
 Teleport Other           Tloc           8%         N/A       100%        3
 Manifold Assault         Tloc           8%         N/A       100%        5

Inventory:

Hand Weapons
 d - a +0 morningstar
 Y - a +0 hand axe (weapon)
Armour
 c - a +0 chain mail (worn)
Potions
 a - a potion of degeneration {unknown}
 b - a potion of curing
 g - a potion of mutation {unknown}
 h - a potion of attraction {unknown}

Dungeon Overview and Level Annotations

Branches:
Dungeon (4/15)
 Temple: D:4-7

Altars:
Kikubaaqudgha

Annotations:
D:4 1 runed translucent door, Crazy Yiuf


Message History

The orc shouts!
The orc priest shouts!
The orc wizard gestures at you while chanting.
The magic dart hits you!
2655 ||| Stepping ~*~*~tactically~*~*~ (hiding).
The orc wizard gestures at you while chanting.
The magic dart hits you. The orc hits you with a +0 dagger.
You barely miss the orc priest. You claw the orc priest.
You peck the orc priest, but do no damage.
The orc priest is moderately wounded.
You closely miss the orc wizard. You hit the orc but do no damage.
The orc hits you but does no damage. The orc priest hits you with a +0 club.
The orc wizard hits you but does no damage.
You barely miss the orc priest.
The orc priest is moderately wounded.
You hit the orc. You hit the orc wizard. The orc hits you but does no damage.
The orc priest barely misses you.
The orc wizard points at you and mumbles some strange words.
The magic dart hits you.
You hit the orc but do no damage. Your kick misses the orc.
The orc is heavily wounded.
You hit the orc priest. You closely miss the orc wizard.
The orc barely misses you.
The orc priest hits you but does no damage.
The orc wizard hits you but does no damage.
You barely miss the orc priest.
You peck the orc priest, but do no damage.
The orc priest is heavily wounded.
You hit the orc wizard. You hit the orc but do no damage.
The orc hits you but does no damage. The orc priest hits you with a +0 club.
The orc wizard points at you and mumbles some strange words.
You resist with some effort.
You hit the orc priest but do no damage.
The orc priest is heavily wounded.
You closely miss the orc. You barely miss the orc wizard.
The orc hits you but does no damage.
The orc priest mumbles some strange prayers to Beogh against you.
Beogh smites you!
Ouch! That really hurt!
You die...

######
###############....#
#...#.....#...#....#
#...#.....'...#....#
#...#.....#...#....#
#...#.....#...#....#
#...#.....#...'....#
#.oo##....###'#....#
#.o@##....##..#....#
#.........#..)#....#
#.........#...#....#
###############....#
#....# #....# ###
####....# #)..###
##..+....#
#...+.####........#


You could see an orc priest, an orc wizard and an orc.

Vanquished Creatures
  A worm (D:3)
  3 dart slugs
  3 orcs
  4 ball pythons
  4 endoplasms
  5 giant cockroaches
  4 goblins
  3 hobgoblins
  2 jackals
  4 quokkas
  4 bats
  3 frilled lizards (D:3)
  3 kobolds
  3 rats
46 creatures vanquished.

Notes
Turn   | Place    | Note
-------+----------+-------------------------------------------
     0 | D:1      | qw the Tengu Warper began the quest for the Orb.
     0 | D:1      | Reached XP level 1. HP: 12/12 MP: 4/4
     0 | D:1      | 0 ||| qw: Version: 0.1-a-89-g26bdef1
     0 | D:1      | 0 ||| qw: Game counter: 772
     0 | D:1      | 0 ||| qw: Always use a shield: true
     0 | D:1      | 0 ||| qw: God list: Okawaru
     0 | D:1      | 0 ||| qw: Allow faded altars: false
     0 | D:1      | 0 ||| qw: Do Orc after D:15 true
     0 | D:1      | 0 ||| qw: Do second Lair branch before Depths: true
     0 | D:1      | 0 ||| qw: Lair rune preference: random
     0 | D:1      | 0 ||| qw: Plans: Normal
     0 | D:1      | 0 ||| PLANNING D:1-11
   304 | D:1      | Reached skill level 3 in Axes
   304 | D:1      | Reached XP level 2. HP: 14/17 MP: 6/6
   590 | D:1      | 590 ||| UPGRADING to +0 ring mail.
   600 | D:1      | 600 ||| DROPPING +0 leather armour.
   601 | D:1      | 601 ||| READING scroll labelled CUPPOHI ETAER.
   602 | D:1      | 602 ||| READING scroll labelled LEPPAH GIROY.
   603 | D:1      | 603 ||| DROPPING scroll of blinking.
   738 | D:2      | 738 ||| Stepping ~*~*~tactically~*~*~ (stealth).
   739 | D:2      | 739 ||| Stepping ~*~*~tactically~*~*~ (stealth).
  1016 | D:2      | 1016 ||| DROPPING +0 club.
  1021 | D:2      | Identified the +7 mace of the Tent {vamp, +Blink Stlth+}
  1023 | D:2      | 1023 ||| DROPPING +1 whip of flaming.
  1221 | D:2      | 1221 ||| UPGRADING to +0 chain mail.
  1231 | D:2      | 1231 ||| DROPPING +0 ring mail.
  1232 | D:2      | 1232 ||| READING scroll labelled WALYET GEGIYV.
  1233 | D:2      | 1233 ||| READING scroll labelled PALOOGR XYAFY.
  1234 | D:2      | 1234 ||| DRINKING 2 blue potions.
  1285 | D:3      | Reached XP level 3. HP: 14/21 MP: 7/7
  1285 | D:3      | 1285 ||| STAIRDANCE
  1390 | D:3      | 1390 ||| FLEEEEING.
  1391 | D:3      | 1391 ||| FLEEEEING.
  1393 | D:3      | 1393 ||| STAIRDANCE
  1399 | D:2      | HP: 5/21 [orc/+2 short sword of protection (4)]
  1399 | D:2      | HP: 2/21 [orc/+2 short sword of protection (3)]
  1663 | D:2      | 1663 ||| DRINKING 2 sedimented silvery potions.
  1708 | D:2      | 1708 ||| DROPPING potion of lignification.
  1715 | D:3      | 1715 ||| DROPPING +7 mace of the Tent {vamp, +Blink
                  | Stlth+}.
  1744 | D:3      | Found an ancient bone altar of Kikubaaqudgha.
  1751 | D:3      | Reached skill level 4 in Axes
  1751 | D:3      | Identified the +1 ring mail of Divine Compulsion {-Cast
                  | Str+2 Dex+4 Stlth+}
  1974 | D:3      | 1974 ||| Stepping ~*~*~tactically~*~*~ (stealth).
  2356 | D:3      | 2356 ||| DROPPING +1 ring mail of Divine Compulsion {-Cast
                  | Str+2 Dex+4 Stlth+}.
  2357 | D:3      | 2357 ||| READING scroll labelled TUSHRA IHOMPYGI.
  2358 | D:3      | 2358 ||| READING scroll labelled TIETHU ASHUKYX.
  2361 | D:3      | 2361 ||| READING scroll labelled ETIUTUAGRAOQ.
  2362 | D:3      | 2362 ||| READING scroll labelled PUFOTERGH BAFF.
  2363 | D:3      | 2363 ||| DRINKING 2 amethyst potions.
  2464 | D:3      | 2464 ||| DROPPING potion of ambrosia.
  2481 | D:4      | 2481 ||| STAIRDANCE
  2487 | D:3      | Reached XP level 4. HP: 25/26 MP: 8/8
  2585 | D:4      | Found a runed translucent door.
  2586 | D:4      | Noticed Crazy Yiuf
  2625 | D:4      | 2625 ||| Stepping ~*~*~tactically~*~*~ (stealth).
  2655 | D:4      | 2655 ||| Stepping ~*~*~tactically~*~*~ (hiding).
  2662 | D:4      | Killed from afar by an orc priest

Levels and vault maps discovered:
D:1:      dpeg_arrival_concentric_ovals, layout_basic, feat_on_display
D:2:      layout_rooms
D:3:      layout_rooms, kiku_gazebo_pond_becter
D:4:      layout_gridville, gammafunk_ghost_grave, uniq_crazy_yiuf_cottage

Skill      XL: |  1  2  3 |
---------------+----------+-----
Axes           | 3 4 |  4.7
Fighting       | |  2.0
Throwing       | |  1.0
Armour         | |  1.1
Dodging        | |  2.1
Spellcasting   | |  2.0
Translocations | |  2.4

Action                   |  1- 3 |  4- 6 || total
-------------------------+-------+-------++-------
Melee: Hand axe          |   102 |    13 ||   115
       Kick              |    24 |     5 ||    29
       Peck              |    13 |     3 ||    16
       Punch             |     1 |       ||     1
Throw: Boomerang         |     7 |       ||     7
  Use: Scroll            |     8 |       ||     8
       Potion            |     3 |       ||     3
Armor: Ring mail         |    13 |       ||    13
       Chain mail        |    22 |    11 ||    33
Dodge: Dodged            |    33 |     3 ||    36

Table legend:
 A = Non-vault XP
 B = Vault XP
 C = Vault XP percentage of total XP
 D = Non-vault monster count
 E = Vault monster count
 F = Vault count percentage of total count
                 A         B        C        D         E       F
            +---------+---------+-------+---------+---------+-------
      Total |      92 |       0 |   0.0 |      46 |       0 |   0.0
            +---------+---------+-------+---------+---------+-------
        D:1 |      13 |       0 |   0.0 |       6 |       0 |   0.0
        D:2 |      22 |       0 |   0.0 |      12 |       0 |   0.0
        D:3 |      47 |       0 |   0.0 |      23 |       0 |   0.0
        D:4 |      10 |       0 |   0.0 |       5 |       0 |   0.0
            +---------+---------+-------+---------+---------+-------
